 Dungeon Crawl Stone Soup version 0.30-b1-2-g02819fbbbe (webtiles) character file.

Game seed: 7218702283160233001

1902357 dxctxrx the Sorcerer (level 27, 254/254 HPs)
             Began as a Pale Draconian Conjurer on June 6, 2023.
             Was the Champion of Vehumet.
             Escaped with the Orb
             ... and 4 runes on June 8, 2023!
             The game lasted 08:07:36 (100178 turns).

dxctxrx the Sorcerer (Pale Draconian Conjurer)    Turns: 100178, Time: 08:07:37

Health: 254/254    AC: 24    Str:  9    XL:     27
Magic:  61/61      EV: 19    Int: 39    God:    Vehumet [******]
Gold:   5371       SH: 13    Dex: 16    Spells: 8/75 levels left

rFire   + + .        a - staff of fire "Xookua Adont" {rElec rF+, !a}
rCold   + . .        n - +1 buckler {rC+}
rNeg    + + .        (body armour unavailable)
rPois   +            M - +3 hat of Pondering {ponderous, Will+ MP+10 Int+5}
rElec   +            P - +2 cloak {rPois}
rCorr   .            R - +1 pair of gloves
SInv    .            E - +2 pair of boots of Distant Worlds {rF+ rN+ Will+}
Will    ++++.        f - amulet of Grace {Reflect Dex+3 SH+5}
Stlth   +            w - ring "Uttaj" {Drain rN+ EV+5 Int+2}
HPRegen 0.62/turn    x - ring of the Monkey {Wiz *Slow +Blink rElec Slay+4}
MPRegen 0.37/turn

%: slow self (1%), reflection, wizardry (x1)
@: studying Necromancy, slow
A: breathe steam, AC +13, unfitting armour, cold-blooded, steam resistance,
clever 1
0: Orb of Zot
}: 4/15 runes: decaying, slimy, silver, gossamer
a: Breathe Steam, Renounce Religion, Evoke Blink


You escaped.
You worshipped Vehumet.
Vehumet was exalted by your worship.
You visited 12 branches of the dungeon, and saw 56 of its levels.
You visited 2 bazaars.
You also visited: Ossuary.

You collected 12189 gold pieces.
You spent 6818 gold pieces at shops.

Inventory:

Hand Weapons
 k - the +1 hand crossbow of the Whale {heavy, rElec Will++ Dex-2 SInv}
   (You found it on level 5 of the Pits of Slime)

   Dex:       It affects your dexterity (-2).
   rElec:     It insulates you from electricity.
   SInv:      It lets you see invisible.
   Will:      It greatly increases your willpower.
 C - the +3 flail "Imnofeklacs" {venom, rElec rPois Will+ Int+3}
   (You found it on level 3 of the Depths)

   Int:       It affects your intelligence (+3).
   rElec:     It insulates you from electricity.
   rPois:     It protects you from poison.
   Will:      It increases your willpower.
 K - the +6 battleaxe of dxctxrx's Woe {freeze, rElec rF+ Will- Dex+8}
   (You found it on level 2 of the Depths)

   Dex:       It affects your dexterity (+8).
   rF:        It protects you from fire.
   rElec:     It insulates you from electricity.
   Will:      It decreases your willpower.
 V - the +10 zealot's sword {holy, Zealotry, *Rage rN+ EV+3}
   (You took it off a deep elf archer on level 1 of the Elven Halls)

   Zealotry:  Whenever the wielder enters a berserk rage, their allies are
   berserked alongside them.
   EV:        It affects your evasion (+3).
   rN:        It protects you from negative energy.
   *Rage:     It berserks you when you make melee attacks (+20% chance).
Missiles
 g - 7 throwing nets {=f}
Armour
 m - a +2 cloak of preservation
 n - a +1 buckler of cold resistance (worn)
 E - the +2 pair of boots of Distant Worlds (worn) {rF+ rN+ Will+}
   (You acquired it on level 3 of the Elven Halls)

   rF:        It protects you from fire.
   rN:        It protects you from negative energy.
   Will:      It increases your willpower.
 M - the +3 hat of Pondering (worn) {ponderous, Will+ MP+10 Int+5}
   (You found it on level 2 of the Depths)

   Int:       It affects your intelligence (+5).
   MP:        It affects your magic capacity (+10).
   Will:      It increases your willpower.
 P - a +2 cloak of poison resistance (worn)
 R - a +1 pair of gloves (worn)
 X - a +5 kite shield of protection
 Y - the +2 hood of the Assassin {Detect Stab+ Stlth++}
   (You found it on level 2 of the Depths)

   Detect:    It allows the wearer to sense nearby creatures.
   Stab+:     It allows the wearer to make particularly effective stabbing
   attacks against helpless or unaware enemies with any weapon.
   Stlth:     It makes you much more stealthy.
Magical Staves
 a - the staff of fire "Xookua Adont" (weapon) {rElec rF+, !a}
   (You found it on level 3 of the Elven Halls)

   [staff of fire]

   Base accuracy: +5 Base damage: 5 Base attack delay: 1.2 This weapon's minimum
   attack delay (0.6) is reached at skill level 12.
   rF:        It protects you from fire.
   rElec:     It insulates you from electricity.
   It falls into the 'Staves' category.
   It is a one-handed weapon.
 b - the staff of poison "Cach" {rPois rC+ rCorr, !a}
   (You found it on level 3 of the Elven Halls)

   [staff of poison]

   Base accuracy: +5 Base damage: 5 Base attack delay: 1.2 This weapon's minimum
   attack delay (0.6) is reached at skill level 12.
   rC:        It protects you from cold.
   rPois:     It protects you from poison.
   rCorr:     It protects you from acid and corrosion.
   It falls into the 'Staves' category.
   It is a one-handed weapon.
 I - a staff of cold {!a}
 N - the staff of earth "Cueggom" {rCorr Int+2}
   (You found it on level 5 of the Pits of Slime)

   [staff of earth]

   Base accuracy: +5 Base damage: 5 Base attack delay: 1.2 This weapon's minimum
   attack delay (0.6) is reached at skill level 12.
   Int:       It affects your intelligence (+2).
   rCorr:     It protects you from acid and corrosion.
   It falls into the 'Staves' category.
   It is a one-handed weapon.
Jewellery
 f - the amulet of Grace (around neck) {Reflect Dex+3 SH+5}
   (You acquired it in a bazaar)

   [amulet of reflection]

   It reflects blocked missile attacks.
   Dex:       It affects your dexterity (+3).
   SH:        It affects your SH (+5).
 j - the ring "Reitaid" {rF+ rC- rN+ Str+3 Dex+7}
   (You found it on level 3 of the Crypt)

   [ring of positive energy]

   Str:       It affects your strength (+3).
   Dex:       It affects your dexterity (+7).
   rF:        It protects you from fire.
   rC:        It makes you vulnerable to cold.
   rN:        It protects you from negative energy.
 l - the ring "Tebihiym" {*Slow rElec rN+ rCorr Int+3}
   (You found it on level 3 of the Crypt)

   [ring of positive energy]

   Int:       It affects your intelligence (+3).
   rElec:     It insulates you from electricity.
   rN:        It protects you from negative energy.
   rCorr:     It protects you from acid and corrosion.
   *Slow:     It may slow you when you take damage.
 p - an amulet of magic regeneration
 q - the ring of Lucidity {Fire Fly rElec Int+4 Slay-3}
   (You took it off a deep elf sorcerer on level 3 of the Elven Halls)

   [ring of fire]

   It enhances your fire magic.
   Int:       It affects your intelligence (+4).
   Slay:      It affects your accuracy & damage with ranged weapons and melee
   (-3).
   rF:        It protects you from fire.
   rC:        It makes you vulnerable to cold.
   rElec:     It insulates you from electricity.
   Fly:       It grants you flight.
 w - the ring "Uttaj" (left hand) {Drain rN+ EV+5 Int+2}
   (You took it off a tengu conjurer on level 2 of the Depths)

   [ring of evasion]

   EV:        It affects your evasion (+5).
   Int:       It affects your intelligence (+2).
   rN:        It protects you from negative energy.
   Drain:     It drains your maximum health when unequipped.
 x - the ring of the Monkey (right hand) {Wiz *Slow +Blink rElec Slay+4}
   (You found it on level 4 of the Dungeon)

   [ring of wizardry]

   It improves your spell success rate.
   Slay:      It affects your accuracy & damage with ranged weapons and melee
   (+4).
   rElec:     It insulates you from electricity.
   +Blink:    It lets you blink.
   *Slow:     It may slow you when you take damage.
 H - the ring "Foz Buo" {rElec rC+ Str-2 Dex+2}
   (You took it off a deep elf demonologist on level 3 of the Elven Halls)

   [ring of protection from cold]

   Str:       It affects your strength (-2).
   Dex:       It affects your dexterity (+2).
   rC:        It protects you from cold.
   rElec:     It insulates you from electricity.
 L - a +6 ring of intelligence
 U - the ring of Vupokker {Drain MP+9 Int+6 Slay+2}
   (You took it off a purple draconian on level 3 of the Realm of Zot)

   [ring of intelligence]

   Int:       It affects your intelligence (+6).
   Slay:      It affects your accuracy & damage with ranged weapons and melee
   (+2).
   MP:        It affects your magic capacity (+9).
   Drain:     It drains your maximum health when unequipped.
Wands
 d - a wand of mindburst (37)
 i - a wand of acid (45)
 u - a wand of iceblast (56)
 O - a wand of digging (9)
Scrolls
 e - 2 scrolls of blinking {!r}
 h - 30 scrolls of teleportation
 y - 13 scrolls of fog
 z - 10 scrolls of fear
 A - 7 scrolls of silence {!r}
 B - 8 scrolls of immolation {!r}
 Q - 7 scrolls of summoning
 S - 6 scrolls of poison {!r}
 Z - 3 scrolls of amnesia
Potions
 c - 4 potions of invisibility
 o - 7 potions of heal wounds
 r - 9 potions of lignification {!q}
 s - 12 potions of mutation {!q}
 t - 8 potions of attraction {!q}
 v - 7 potions of brilliance
 D - 11 potions of curing
 G - 7 potions of cancellation
 J - 5 potions of flight
 T - 18 potions of ambrosia
 W - 4 potions of haste
Miscellaneous
 F - a phantom mirror (inert)


   Skills:
 + Level 22.2 Fighting
 - Level 5.0 Ranged Weapons
 - Level 6.0 Dodging
 - Level 1.7 Stealth
 - Level 12.0 Shields
 + Level 24.7 Spellcasting
 - Level 20.0 Conjurations
 - Level 7.0 Hexes
 - Level 5.5 Translocations
 - Level 23.0 Fire Magic
 - Level 3.0 Ice Magic
 - Level 20.0 Earth Magic


You had 8 spell levels left.
You knew the following spells:

 Your Spells              Type           Power      Damage    Failure   Level
a - Iron Shot             Conj/Erth      58%        9d11      0%          6
b - Fireball              Conj/Fire      72%        3d27      0%          5
c - Iskenderun's Mystic   Conj/Tloc      99%        2d19      1%          4
d - Lee's Rapid Deconstr  Erth           58%        3d27*     0%          5
e - Ignition              Fire           74%        3d19      1%          8
f - Ozocubu's Armour      Ice            64%        N/A       1%          3
g - Cause Fear            Hex            40%        N/A       1%          4
h - Irradiate             Conj/Tmut      45%        3d26      1%          5
i - Magic Dart            Conj           100%       1d8       0%          1
j - Lehudib's Crystal Sp  Conj/Erth      58%        10d14     1%          8
k - Fire Storm            Conj/Fire      72%        8d18      1%          9
l - Shatter               Erth           58%        3d44*     1%          9

Your spell library contained the following spells:

 Spells                   Type           Power      Damage    Failure   Level
 Polar Vortex             Ice            32%        N/A       100%        9
 Foxfire                  Conj/Fire      100%       2x1d9     0%          1
 Sandblast                Erth           100%       2d20      0%          1
 Momentum Strike          Conj/Tloc      100%       3d10      0%          2
 Passwall                 Tmut/Erth      75%        N/A       0%          2
 Searing Ray              Conj           100%       2d8       0%          2
 Dazzling Flash           Conj/Hex       100%       N/A       0%          3
 Stone Arrow              Conj/Erth      100%       3d13      0%          3
 Volatile Blastmotes      Fire/Tloc      100%       2d18      0%          3
 Fulminant Prism          Conj/Hex       50%        3d23      0%          4
 Leda's Liquefaction      Hex/Erth       50%        N/A       0%          4
 Iskenderun's Battlesphe  Conj           100%       2d15      0%          5
 Starburst                Conj/Fire      72%        6d19      0%          6
 Apportation              Tloc           100%       N/A       1%          1
 Beastly Appendage        Tmut           96%        N/A       1%          1
 Slow                     Hex            100%       N/A       1%          1
 Sting                    Tmut/Pois      100%       1d8       1%          1
 Blink                    Tloc           100%       N/A       1%          2
 Call Imp                 Summ           96%        N/A       1%          2
 Cigotuvi's Dreadful Rot  Necr/Pois/Air  96%        N/A       1%          2
 Ensorcelled Hibernation  Hex/Ice        100%       N/A       1%          2
 Lesser Beckoning         Tloc           100%       N/A       1%          2
 Poisonous Vapours        Pois/Air       96%        N/A       1%          2
 Sublimation of Blood     Necr           48%        N/A       1%          2
 Wereblood                Tmut           48%        N/A       1%          2
 Call Canine Familiar     Summ           48%        N/A       1%          3
 Confusing Touch          Hex            80%        N/A       1%          3
 Gell's Gravitas          Tloc           75%        N/A       1%          3
 Portal Projectile        Hex/Tloc       100%       N/A       1%          3
 Spider Form              Tmut/Pois      48%        N/A       1%          3
 Swiftness                Air            48%        N/A       1%          3
 Teleport Other           Tloc           75%        N/A       1%          3
 Tukima's Dance           Hex            80%        N/A       1%          3
 Vampiric Draining        Necr           48%        2d9       1%          3
 Vhi's Electric Charge    Tloc/Air       100%       N/A       1%          3
 Anguish                  Hex/Necr       33%        N/A       1%          4
 Manifold Assault         Tloc           75%        N/A       1%          4
 Olgreb's Toxic Radiance  Pois           48%        N/A       1%          4
 Passage of Golubria      Tloc           75%        N/A       1%          4
 Petrify                  Tmut/Erth      90%        N/A       1%          4
 Arcjolt                  Conj/Air       45%        1d55      1%          5
 Borgnjor's Vile Clutch   Necr/Erth      45%        N/A       1%          5
 Metabolic Englaciation   Hex/Ice        36%        N/A       1%          5
 Summon Forest            Summ/Tloc      31%        N/A       1%          5
 Summon Mana Viper        Hex/Summ       66%        N/A       1%          5
 Yara's Violent Unravell  Hex/Tmut       33%        3d14      1%          5
 Conjure Ball Lightning   Conj/Air       45%        3x3d16    1%          6
 Plasma Beam              Fire/Air       59%        2x1d81    1%          6
 Statue Form              Tmut/Erth      60%        N/A       1%          6
 Orb of Destruction       Conj           58%        9d14      1%          7
 Spellforged Servitor     Conj/Summ      45%        N/A       1%          7
 Animate Dead             Necr           48%        N/A       2%          4
 Summon Lightning Spire   Summ/Air       48%        N/A       2%          4
 Agony                    Necr           48%        N/A       6%          5
 Alistair's Intoxication  Tmut/Pois      32%        N/A       6%          5
 Blade Hands              Tmut           24%        N/A       6%          5
 Enfeeble                 Hex            40%        N/A       11%         7
 Ozocubu's Refrigeration  Ice            32%        4d14      14%         7
 Simulacrum               Ice/Necr       28%        N/A       17%         6
 Death Channel            Necr           24%        N/A       32%         6
 Summon Cactus Giant      Summ           24%        N/A       32%         6
 Malign Gateway           Summ/Tloc      31%        N/A       47%         7
 Discord                  Hex            40%        N/A       58%         8
 Disjunction              Tloc           37%        N/A       78%         8
 Storm Form               Tmut/Air       24%        N/A       85%         7
 Maxwell's Capacitive Co  Air            24%        ∞         93%         8
 Borgnjor's Revivificati  Necr           24%        N/A       100%        8
 Necromutation            Tmut/Necr      24%        N/A       100%        8
 Summon Horrible Things   Summ           24%        N/A       100%        8
 Chain Lightning          Conj/Air       45%        3d60      58%         9
 Death's Door             Necr           24%        N/A       100%        9
 Dragon's Call            Summ           24%        N/A       100%        9
 Animate Armour           Summ/Erth      Unusable   N/A       N/A         4

Dungeon Overview and Level Annotations

Branches:
Dungeon (15/15)            Temple (1/1) D:5            Lair (5/5) D:8
  Swamp (4/4) Lair:2       Spider (4/4) Lair:2        Slime (5/5) Lair:5
    Orc (2/2) D:10            Elf (3/3) Orc:2        Vaults (5/5) D:14
  Crypt (3/3) Vaults:2       Tomb (0/3) Crypt:3      Depths (4/4) D:15
    Zot (5/5) Depths:4    Ossuary (visited)

Altars:
Ashenzari
Cheibriados
Dithmenos
Elyvilon
Fedhas
Gozag
Hepliaklqana
Kikubaaqudgha
Makhleb
Nemelex Xobeh
Okawaru
Qazlal
Ru
Sif Muna
Trog
Uskayaw
Vehumet
Wu Jian
Xom
Yredelemnul
Zin
The Shining One
Jiyva
Lugonu

Shops:
D:8 *=*   D:13 ?   Orc:1 *   Orc:2 !(=((   Elf:1 !   Elf:2 :(   Elf:3 [
Vaults:2 ?   Vaults:3 !=   Depths:1 :=:

Portals:
Hell: Depths:1 Depths:2 Depths:3 Depths:4
Abyss: Depths:1 Depths:3 Depths:4
Pandemonium: Depths:1 Depths:2
Ziggurat: Depths:4

Annotations:
Crypt:1 exclusion: 2 downstairs
Depths:3 exclusion: downstairs
Depths:4 exclusion: shining eye


Innate Abilities, Weirdness & Mutations

You can breathe blasts of scalding, opaque steam.
Your pale cyan-grey scales are hard. (AC +13)
You cannot fit into any form of body armour.
You are cold-blooded and may be slowed by cold attacks.
You are immune to the effects of steam.
Your mind is acute. (Int +4, Str/Dex -1)


Message History

Aim: a tormentor (heavily wounded)
You feel a surge of power!
The fireball explodes!
The fireball engulfs the tormentor!!
The tormentor resists.
You kill the tormentor!
Vehumet accepts your kill.
You feel your power returning.
(D) Dungeon (T) Temple (L) Lair (S) Swamp (N) Spider Nest (M) Slime Pits (O) Orcish Mines (E) Elven Halls (V) Vaults (C) Crypt (W) Tomb (U) Depths (H) Hell (Z) Zot
Where to? (Enter - D:1 @ (x,y), ? - help)
There is a stone staircase leading up here.
You climb upwards.
There is a stone staircase leading down here.
You open the door.
There is an open door here.
There is a fountain of clear blue water here.
You enter the shallow water.
Moving in this stuff is going to be slow.
A red devil comes into view. It is wielding a +0 trident.
The red devil closely misses you.
The red devil hits you from afar with a +0 trident.
Barbed spikes become lodged in your body.
The barbs in your skin will harm you if you move.
Continue?
Okay, then.
Casting: Fireball (safe; 0% risk of failure)
Confirm with . or Enter, or press ? or * to list all spells.
Aiming: Lehudib's Crystal Spear (mildly dangerous; 1% risk of failure)
Press: ? - help, Shift-Dir - straight line, f - red devil
Aim: a red devil, wielding a +0 trident (water, 76% to hit)
The crystal spear hits the red devil!!!
You kill the red devil!
Vehumet accepts your kill.
You feel your power returning.
You hear a splash.
You carefully extract the barbed spikes from your body.
There is a staircase leading out of the dungeon here.
You start resting.
Magic restored.
You have escaped!

≈....############........#
###......................#
...#.#.#################.########
.⌠.#...###≈≈≈≈≈≈≈≈≈≈≈≈≈#.........
...#.###.#≈≈≈≈≈≈≈≈≈≈≈≈≈#.#######.
###..# #.#≈≈≈≈≈≈~~≈≈≈≈≈#.# ##
.....###.#≈≈≈≈~~~~~≈~≈≈#.########
#........#≈~~~~...~~~≈≈#.........
####..####≈~~~..@..~~~≈#.########
.# #..# #≈≈~~~...~~≈≈≈#.###.....
.# #.## #≈≈≈~~~~~~≈≈≈≈#.#...####
.###.# #≈≈≈≈~~~~~≈≈≈≈#...###
.##..# #≈≈≈≈~~~~~≈≈≈≈#.###
....######≈≈≈≈~≈~≈~≈≈≈≈#.########
.#.......#≈≈≈≈~~~~~≈≈≈≈#.........
.#.#..####≈≈≈~~≈~≈~~≈≈≈#.########
.#.#.....#≈≈≈~≈≈~~~~~≈≈#.########


There were no monsters in sight!

Vanquished Creatures
  the Royal Jelly (Slime:5)
  3 dread liches
  9 orbs of fire
  4 ancient liches
  Mennas (Vaults:3)
  The ghost of Bivamium the Metallomancer, a master GrEE of Vehumet (Depths:3)
  2 juggernauts (Depths:3)
  Sojobo (Depths:4)
  Margery (Vaults:4)
  Frederick (Vaults:3)
  2 Killer Klowns (Zot:5)
  2 curse toes
  Nikola (Swamp:4)
  12 golden dragons
  Jory (Vaults:4)
  An iron giant (shapeshifter) (Depths:3)
  5 electric golems
  A Brimstone Fiend (Depths:4)
  Jorgrun (D:15)
  An iron giant (Zot:3)
  3 doom hounds
  10 tentacled monstrosities
  A shard shrike skeleton (Crypt:2)
  The ghost of Sianeop the Warrior, an adept GrFi of Cheibriados (Vaults:4)
  Grunn (Depths:2)
  9 quicksilver dragons
  3 liches
  A walking earthen tome (Depths:4)
  A titan (Vaults:5)
  The ghost of endersaim the Spry, an adept MfSk of Qazlal (Spider:1)
  4 deep elf blademasters
  25 Orb Guardians
  A walking divine tome (Depths:3)
  Asterion (Vaults:2)
  17 acid blobs
  2 deep elf master archers (Elf:3)
  5 sphinxes
  6 death cobs
  Frances (Swamp:2)
  An ancient champion (Crypt:2)
  Gastronok (Lair:1)
  4 shadow dragons
  12 tengu reavers
  A thorn hunter (Swamp:4)
  Donald (Swamp:2)
  9 rockslimes
  13 storm dragons
  A fenstrider witch (Swamp:4)
  4 draconian knights
  16 draconian monks
  Roxanne (Spider:1)
  6 azure jellies
  4 revenants
  6 fire giants
  8 deep elf sorcerers
  14 vault wardens
  7 emperor scorpions
  2 iron dragons
  8 draconian shifters
  3 frost giants
  2 spectral caustic shrikes (Depths:1)
  Louise (Swamp:3)
  4 deep elf elementalists (Elf:3)
  Aizul (Swamp:2)
  9 ghost moths
  3 curse skulls
  13 draconian stormcallers
  8 draconian scorchers
  7 ghouls
  17 very ugly things
  21 ironbound preservers
  2 broodmothers
  2 draconian annihilators (Zot:3)
  7 vampire knights
  A reaper (Zot:5)
  A war gargoyle (Vaults:5)
  6 quicksilver oozes
  10 ironbound thunderhulks
  4 spriggan defenders
  15 stone giants
  6 eleionomae
  5 green draconians
  12 black draconians
  5 deep elf demonologists
  A spectral titan (Crypt:3)
  8 yellow draconians
  12 deep elf annihilators
  Nessos (Orc:2)
  7 white draconians
  6 bunyips
  13 purple draconians
  7 dire elephants
  2 spark wasps
  5 red draconians
  11 eidola
  13 ettins
  2 spectral quicksilver dragons (Crypt:3)
  8 deep elf death magi
  2 crystal guardians (Vaults:1)
  A shambling mangrove (Swamp:4)
  Josephine (Spider:1)
  10 fire dragons
  6 deep elf high priests
  7 entropy weavers
  15 great orbs of eyes
  14 jiangshi
  17 yaktaur captains
  27 vault guards
  A spectral fenstrider witch (Crypt:3)
  3 rakshasas
  4 spectral spriggans (Crypt:3)
  16 ice dragons
  25 hydras
  8 spriggan air magi
  2 jorogumos
  A peacekeeper (Vaults:1)
  2 death knights
  2 spectral stone giants (Crypt:3)
  6 ghost crabs
  2 ogre magi
  5 radroaches
  14 centaur warriors
  3 deep troll shamans
  7 tengu warriors
  9 ironbound frosthearts
  5 catoblepae
  37 dancing weapons
  3 death yaks (Lair:5)
  8 two-headed ogres
  An Orb Guardian skeleton (Crypt:3)
  8 boulder beetles
  4 deep troll earth magi
  A hell hog (Depths:4)
  9 alligators
  19 hell knights
  2 spectral dire elephants (Crypt:3)
  A death scarab (Spider:4)
  Urug (D:12)
  14 vampire magi
  A shock serpent (shapeshifter) (Vaults:5)
  A spectral emperor scorpion (Crypt:3)
  2 sun demons (Depths:4)
  5 soul eaters
  2 spectral storm dragons (Crypt:3)
  11 spriggans
  6 spriggan berserkers
  Sonja (Lair:1)
  24 deep elf knights
  A skyshark (Lair:4)
  3 orc high priests
  Nergalle (D:12)
  A salamander mystic (Depths:4)
  Amaemon (Lair:1)
  5 iron trolls
  4 goliath frogs
  10 shadow wraiths
  A spark wasp zombie (Crypt:2)
  10 flayed ghosts
  A goliath frog (shapeshifter) (Vaults:4)
  6 pharaoh ants
  6 skeletal warriors
  7 spriggan druids
  A spectral anaconda (Crypt:3)
  2 shadow demons
  5 bog bodies
  A glowing orange brain (shapeshifter) (Depths:3)
  13 swamp dragons
  11 deep elf archers
  45 deep trolls
  5 glowing orange brains
  12 phantasmal warriors
  A sun moth (Spider:4)
  7 orb spiders
  9 lindwurms
  3 harpies (Vaults:5)
  6 necromancers
  10 orc knights
  14 ironbound convokers
  7 wizards
  21 deep elf zephyrmancers
  A wolf spider (shapeshifter) (D:14)
  26 deep elf pyromancers
  8 steelbarb worms
  37 ugly things
  12 wolf spiders
  7 cyclopes
  5 manticores
  4 orc sorcerers
  34 moths of wrath
  A spectral ettin (Crypt:3)
  5 will-o-the-wisps
  5 shining eyes
  4 black mambas
  3 salamanders (Depths:4)
  A fire giant zombie (Crypt:1)
  10 elephants
  20 vault sentinels
  5 eyes of devastation
  2 naga magi (Depths:2)
  A rust devil (Depths:1)
  7 demonic crawlers
  3 torpor snails
  A shock serpent skeleton (Crypt:3)
  2 orange demons
  A hellion (D:10)
  11 cane toads
  22 yaktaurs
  2 gargoyles (D:13)
  A red draconian zombie (Crypt:2)
  A kobold demonologist (D:12)
  An unseen horror (D:11)
  11 komodo dragons
  3 rime drakes
  2 ice devils
  2 tormentors
  16 freezing wraiths
  2 green draconian skeletons
  2 red devils
  3 tengu conjurers
  3 polar bears
  A queen bee (D:15)
  3 bloated husks
  9 meliai (D:15)
  A death yak skeleton (Crypt:1)
  15 tyrant leeches
  9 blink frogs (Lair:2)
  6 trolls
  A hellwing (Depths:2)
  20 hornets
  32 tarantellas
  A dream sheep (shapeshifter) (Vaults:5)
  10 saltlings (Orc:2)
  A spectral black mamba (Crypt:3)
  A radroach zombie (Crypt:2)
  19 jumping spiders
  An ettin zombie (Crypt:1)
  An ice dragon skeleton (Crypt:3)
  A flying skull (Crypt:2)
  82 slime creatures
  2 water elementals (Depths:3)
  21 culicivoras
  A black mamba zombie (Crypt:1)
  A ynoxinul (Depths:1)
  2 shadows
  6 air elementals
  8 wraiths
  4 wyverns
  A dire elephant simulacrum (Crypt:3)
  2 golden eyes (Slime:3)
  54 yaks
  4 fire elementals
  48 redbacks
  5 basilisks
  A redback (shapeshifter) (D:15)
  13 vampire mosquitoes
  A chaos spawn (Depths:1)
  A merfolk zombie (Crypt:2)
  12 swamp worms
  2 acid dragons
  A warg (Elf:2)
  Duvessa (D:7)
  A floating eye (shapeshifter) (Vaults:5)
  13 water moccasins
  A water nymph skeleton (Crypt:2)
  A floating eye (Slime:4)
  9 swamp drakes
  An elephant zombie (Crypt:3)
  An ice beast (D:7)
  19 orc warriors
  6 black bears
  2 black bears (shapeshifter)
  9 ogres
  2 sky beasts
  3 wolves (Lair:5)
  14 centaurs
  A torpor snail zombie (Crypt:1)
  2 phantoms
  A komodo dragon zombie (Crypt:2)
  2 gnoll sergeants
  2 necrophages (Crypt:3)
  6 bullfrogs
  An earth elemental (Elf:1)
  6 scorpions
  8 wights
  A wyvern skeleton (Crypt:3)
  Dowan (D:7)
  A polar bear zombie (Crypt:3)
  18 killer bees
  4 howler monkeys
  A shapeshifter skeleton (Crypt:3)
  3 electric eels
  A lava snake (Lair:5)
  18 orc priests
  5 jellies
  Crazy Yiuf (D:3)
  A bullfrog skeleton (Crypt:1)
  2 gnoll boudas
  5 hounds
  A sleepcap (D:4)
  Jessica (D:2)
  5 iguanas
  31 orc wizards
  A hound skeleton (Crypt:3)
  9 mummies
  15 gnolls
  8 adders
  A howler monkey skeleton (Crypt:1)
  A river rat (D:6)
  A shadow imp (D:6)
  A white imp (D:5)
  3 ufetubi
  2 worms
  78 orcs
  5 ball pythons
  4 bats
  8 endoplasms
  6 giant cockroaches
  7 goblins
  6 hobgoblins
  5 quokkas
  3 frilled lizards
  A gnoll skeleton (Crypt:1)
  3 hobgoblin zombies (Ossuary)
  7 kobolds
  3 kobold zombies
  4 orc zombies
  7 rats
  A fire vortex (Lair:5)
  A fulminant prism (D:13)
  7 pillars of salt (Orc:2)
2231 creatures vanquished.

Vanquished Creatures (collateral kills)
  The ghost of Heisao the Wrestler, a legendary TrBe of Trog (Zot:3)
  Arachne (Spider:3)
  2 titans
  An Orb Guardian (Zot:5)
  A quicksilver dragon (Zot:1)
  An ancient champion (Crypt:3)
  A tengu reaver (Vaults:5)
  A storm dragon (Zot:4)
  2 shadow dragons
  An azure jelly (Slime:5)
  A draconian scorcher (Zot:2)
  A vault warden (Vaults:4)
  A draconian shifter (Zot:1)
  A spectral caustic shrike (Depths:1)
  2 draconian stormcallers
  3 very ugly things
  3 ironbound preservers
  An ironbound thunderhulk (Vaults:4)
  A stone giant (Vaults:4)
  A green draconian (Zot:1)
  A black draconian (Zot:1)
  A yellow draconian (Zot:1)
  3 purple draconians
  A spectral quicksilver dragon (Crypt:3)
  An eidolon (Crypt:3)
  An ettin (Depths:1)
  A centaur warrior (D:14)
  A hydra (D:14)
  A vampire mage (Crypt:2)
  A spectral dire elephant (Crypt:3)
  2 spectral storm dragons (Crypt:3)
  A deep elf knight (Elf:2)
  A skeletal warrior (Crypt:3)
  A phantasmal warrior (Crypt:1)
  A deep elf pyromancer (Elf:1)
  A deep elf zephyrmancer (Elf:2)
  A gargoyle (D:10)
  2 yaktaurs (Vaults:4)
  4 slime creatures
  A water elemental (Elf:1)
  A redback (Spider:3)
  A redback (shapeshifter) (Vaults:5)
  A necrophage (Crypt:1)
  An orc (Elf:1)
  2 quokka skeletons
60 creatures vanquished.

Vanquished Creatures (others)
  A vampire knight (Depths:4)
  A slime creature (Vaults:3)
  A bush (Lair:5)
  691 fire vortices
  17 foxfires
  138 fulminant prisms
  19 fungi
  14 pillars of salt (Orc:2)
  66 plants
  22 withered plants (Crypt:3)
970 creatures vanquished.

Grand Total: 3261 creatures vanquished

Notes
Turn   | Place    | Note
-------+----------+-------------------------------------------
     0 | D:1      | dxctxrx the Draconian Conjurer began the quest for the Orb.
     0 | D:1      | Reached XP level 1. HP: 14/14 MP: 3/3
   297 | D:1      | Found a faded altar of an unknown god.
   567 | D:1      | Reached XP level 2. HP: 20/20 MP: 5/5
   570 | D:1      | Learned a level 2 spell: Searing Ray
  1240 | D:2      | Reached XP level 3. HP: 26/26 MP: 0/7
  1563 | D:2      | Noticed Jessica
  1898 | D:3      | Reached skill level 3 in Spellcasting
  2378 | D:3      | Reached XP level 4. HP: 32/33 MP: 2/8
  2479 | D:3      | Found a runed translucent door.
  2480 | D:3      | Noticed Crazy Yiuf
  2895 | D:4      | Noticed an ogre
  3052 | D:4      | Reached XP level 5. HP: 38/38 MP: 4/10
  3139 | D:4      | Reached skill level 4 in Spellcasting
  3328 | D:4      | Reached skill level 5 in Conjurations
  3328 | D:4      | Reached XP level 6. HP: 45/45 MP: 0/12
  3545 | D:4      | Identified the ring of the Monkey {Wiz *Slow +Blink rElec
                  | Slay+4}
  3553 | D:4      | Learned a level 4 spell: Iskenderun's Mystic Blast
  3985 | D:5      | Entered Level 5 of the Dungeon
  4012 | D:5      | Identified the +1 flail "Qiuhab" {flame, rElec Will- rCorr
                  | Dex+4}
  4264 | D:5      | Reached skill level 1 in Translocations
  4722 | D:5      | Your scales start taking on a pale cyan-grey colour.
  4722 | D:5      | Reached XP level 7. HP: 44/50 MP: 5/14
  4722 | D:5      | Gained mutation: You are immune to the effects of steam.
                  | [Pale Draconian growth]
  4784 | D:5      | Found a staircase to the Ecumenical Temple.
  4793 | Temple   | Entered the Ecumenical Temple
  5001 | D:5      | Reached skill level 5 in Spellcasting
  5714 | D:6      | Reached XP level 8. HP: 57/57 MP: 11/16
  5985 | D:6      | Reached skill level 6 in Spellcasting
  6376 | D:6      | Reached skill level 5 in Translocations
  6623 | D:6      | Reached XP level 9. HP: 62/62 MP: 16/19
  7126 | D:6      | Learned a level 4 spell: Fulminant Prism
  7201 | D:7      | Reached skill level 7 in Spellcasting
  7282 | D:7      | Reached skill level 1 in Fighting
  7318 | D:7      | Reached skill level 1 in Hexes
  7612 | D:7      | Found a sand-covered staircase.
  7703 | Ossuary  | Entered an ossuary
  8084 | D:7      | Noticed Duvessa
  8084 | D:7      | Noticed Dowan
  8096 | D:7      | Killed Dowan
  8097 | D:7      | Killed Duvessa
  8365 | D:8      | Paralysed by a hornet for 2 turns
  8373 | D:8      | HP: 3/70 [hornet (10)]
  8564 | D:8      | Learned a level 3 spell: Ozocubu's Armour
  8822 | D:8      | Found Tasyru's Assorted Antiques.
  8861 | D:8      | Found Zir Comn's Jewellery Boutique.
  8864 | D:8      | Bought a +6 ring of intelligence for 468 gold pieces
  8889 | D:8      | Noticed a troll
  8899 | D:8      | Killed a troll
  8900 | D:8      | Reached skill level 8 in Spellcasting
  9115 | D:8      | Noticed a two-headed ogre
  9132 | D:8      | Killed a two-headed ogre
  9133 | D:8      | Reached skill level 5 in Fighting
  9133 | D:8      | Reached XP level 10. HP: 80/81 MP: 1/22
  9250 | D:8      | Learned a level 3 spell: Gell's Gravitas
  9273 | D:8      | Found Zocvabbacs's Demolitions Depot.
  9545 | D:8      | Reached skill level 1 in Ranged Weapons
  9545 | D:8      | Reached skill level 1 in Ice Magic
  9597 | D:8      | Found a glowing golden altar of the Shining One.
  9763 | D:8      | Found a staircase to the Lair.
  9859 | D:8      | Found Zocvabbacs's Demolitions Depot.
  9952 | D:8      | Found Zir Comn's Jewellery Boutique.
 10220 | D:8      | Found a glowing golden altar of the Shining One.
 10255 | D:8      | Found Tasyru's Assorted Antiques.
 10297 | D:8      | Found a staircase to the Lair.
 11000 | D:9      | Found a radiant altar of Vehumet.
 11013 | D:9      | Became a worshipper of Vehumet
 11410 | D:9      | Identified a scroll of acquirement
 11511 | D:9      | Acquired a +1 cloak of preservation
 11534 | D:10     | Entered Level 10 of the Dungeon
 11690 | D:10     | Found a staircase to the Orcish Mines.
 11948 | D:10     | Noticed a gargoyle
 11976 | D:10     | Killed a gargoyle
 11977 | D:10     | Reached skill level 9 in Spellcasting
 11977 | D:10     | Reached skill level 5 in Hexes
 12154 | D:10     | Reached XP level 11. HP: 73/92 MP: 0/24
 12402 | D:10     | Reached * piety under Vehumet
 12402 | D:10     | Offered knowledge of Foxfire by Vehumet.
 12598 | D:10     | Noticed a two-headed ogre
 12610 | D:10     | Killed a two-headed ogre
 12768 | D:10     | Learned a level 4 spell: Cause Fear
 12996 | D:11     | Noticed a two-headed ogre
 13012 | D:11     | Killed a two-headed ogre
 13013 | D:11     | Reached skill level 10 in Spellcasting
 13425 | Lair:1   | Entered Level 1 of the Lair of Beasts
 13494 | Lair:1   | Noticed Amaemon
 13530 | Lair:1   | Noticed Sonja
 13564 | Lair:1   | Killed Sonja
 13694 | Lair:1   | Killed Amaemon
 13808 | Lair:1   | Reached skill level 11 in Spellcasting
 14194 | Lair:1   | Noticed Gastronok
 14230 | Lair:1   | Killed Gastronok
 14231 | Lair:1   | Reached skill level 12 in Spellcasting
 14806 | Lair:2   | Noticed a seven-headed hydra
 14853 | Lair:2   | Noticed a catoblepas
 14861 | Lair:2   | Killed a catoblepas
 14982 | Lair:2   | Offered knowledge of Poisonous Vapours by Vehumet.
 14983 | Lair:2   | Reached XP level 12. HP: 94/101 MP: 14/28
 15144 | Lair:2   | Found a staircase to the Swamp.
 15361 | Lair:2   | Killed a seven-headed hydra
 15362 | Lair:2   | Reached skill level 13 in Spellcasting
 15375 | Lair:2   | Reached ** piety under Vehumet
 15653 | Lair:2   | Noticed a seven-headed hydra
 15660 | Lair:2   | Killed a seven-headed hydra
 15802 | Lair:2   | Found a hole to the Spider Nest.
 17891 | Lair:3   | Learned a level 3 spell: Stone Arrow
 18265 | Lair:4   | You fall into a shaft and drop 1 floor!
 18265 | Lair:5   | Entered Level 5 of the Lair of Beasts
 18271 | Lair:5   | Noticed a death yak
 18271 | Lair:5   | Noticed a catoblepas
 18278 | Lair:5   | Noticed a catoblepas
 18282 | Lair:5   | Noticed a four-headed hydra
 18289 | Lair:5   | Offered knowledge of Scorch by Vehumet.
 18293 | Lair:5   | Found a staircase to the Slime Pits.
 18599 | Lair:4   | Noticed a five-headed hydra
 18610 | Lair:4   | Killed a five-headed hydra
 18727 | Lair:4   | Reached skill level 5 in Ranged Weapons
 18816 | Lair:4   | Reached XP level 13. HP: 107/107 MP: 22/30
 18819 | Lair:4   | Reached skill level 1 in Earth Magic
 18819 | Lair:4   | Reached *** piety under Vehumet
 19806 | Lair:5   | Reached skill level 10 in Conjurations
 20097 | Lair:5   | Reached skill level 14 in Spellcasting
 20444 | Lair:5   | Offered knowledge of Ignite Poison by Vehumet.
 20615 | Lair:5   | Reached skill level 5 in Earth Magic
 20964 | Lair:5   | Found a viscous altar of Jiyva.
 21333 | D:2      | Killed Jessica
 21425 | D:3      | Killed Crazy Yiuf
 22435 | D:11     | Got Enae's Omnibus of Remoulded Combustion
 23080 | D:11     | Learned a level 5 spell: Lee's Rapid Deconstruction
 23087 | D:11     | Learned a level 6 spell: Starburst
 23096 | D:11     | Reached **** piety under Vehumet
 23323 | D:12     | Noticed Nergalle
 23516 | D:12     | Offered knowledge of Inner Flame by Vehumet.
 23517 | D:12     | Reached skill level 5 in Dodging
 23895 | D:12     | Found an iron altar of Okawaru.
 24228 | D:12     | Noticed Urug
 24233 | D:12     | Killed Urug
 24234 | D:12     | Reached skill level 1 in Fire Magic
 24524 | D:12     | Killed Nergalle
 25206 | D:13     | Found Qakkom's Magic Scroll Boutique.
 25265 | D:13     | Reached skill level 15 in Spellcasting
 25425 | D:13     | Reached XP level 14. HP: 115/115 MP: 22/33
 26664 | D:14     | Reached skill level 5 in Fire Magic
 26736 | D:14     | Noticed an ironbound preserver
 26763 | D:14     | Killed an ironbound preserver
 26835 | D:14     | Found a gate to the Vaults.
 28744 | D:15     | Entered Level 15 of the Dungeon
 28750 | D:15     | Noticed Jorgrun
 29170 | D:15     | Killed Jorgrun
 29497 | D:15     | Reached skill level 16 in Spellcasting
 29759 | D:15     | Found a staircase to the Depths.
 29765 | D:15     | Reached ***** piety under Vehumet
 29785 | D:15     | Offered knowledge of Fireball by Vehumet.
 29792 | D:15     | Learned a level 5 spell: Fireball
 29806 | D:15     | Reached XP level 15. HP: 121/121 MP: 17/35
 30461 | Orc:1    | Entered Level 1 of the Orcish Mines
 30672 | Orc:1    | Found Apsaread's CLEARANCE SALE!.
 30679 | Orc:1    | Bought a potion of magic for 48 gold pieces
 30738 | Orc:2    | Entered Level 2 of the Orcish Mines
 31356 | Orc:2    | Reached skill level 10 in Earth Magic
 31390 | Orc:2    | Noticed Nessos
 31398 | Orc:2    | Killed Nessos
 31826 | Orc:2    | Reached skill level 10 in Fire Magic
 31997 | Orc:2    | Found Ewkeunoff's Antique Weapon Boutique.
 31999 | Orc:2    | Found Oqawny's Distillery.
 32040 | Orc:2    | Found Ulituacvon's Jewellery Shop.
 32114 | Orc:2    | Found Roupufag's Weapon Shoppe.
 32268 | Orc:2    | Found Take's Antique Weapon Shop.
 32295 | Orc:2    | Found a staircase to the Elven Halls.
 32319 | Orc:2    | Offered knowledge of Arcjolt by Vehumet.
 32644 | D:13     | Bought a scroll of acquirement for 780 gold pieces
 32646 | D:13     | Acquired 1067 gold pieces
 32810 | Orc:2    | Bought a slimy rapier for 297 gold pieces
 32810 | Orc:2    | Identified the +5 rapier "Nucs" {heavy, +Blink MP-9 Int+7}
                  | (You bought it in a shop on level 2 of the Orcish Mines)
 32821 | Orc:2    | Bought a potion of curing for 51 gold pieces
 32821 | Orc:2    | Bought a potion of heal wounds for 85 gold pieces
 32821 | Orc:2    | Bought a potion of curing for 51 gold pieces
 32821 | Orc:2    | Bought a potion of invisibility for 136 gold pieces
 32821 | Orc:2    | Bought a potion of magic for 136 gold pieces
 32927 | Orc:2    | Bought an ancient mace for 320 gold pieces
 32927 | Orc:2    | Identified the +4 mace of the Eleven Persimmons {flame,
                  | Dex+4} (You bought it in a shop on level 2 of the Orcish
                  | Mines)
 33072 | D:13     | Bought a scroll of enchant armour for 112 gold pieces
 33072 | D:13     | Bought a scroll of magic mapping for 112 gold pieces
 33072 | D:13     | Bought a scroll of amnesia for 60 gold pieces
 33224 | D:8      | Bought a staff of conjuration for 325 gold pieces
 33939 | Lair:5   | Identified the +1 scimitar of Insomnia {protect, Str+2}
 34033 | Swamp:1  | Entered Level 1 of the Swamp
 35292 | Swamp:2  | Reached XP level 16. HP: 128/128 MP: 15/36
 35385 | Swamp:2  | Noticed Aizul
 35394 | Swamp:2  | Killed Aizul
 35734 | Swamp:2  | Noticed Donald
 35752 | Swamp:2  | Killed Donald
 36152 | Swamp:2  | Noticed Frances
 36176 | Swamp:2  | Killed Frances
 36810 | Swamp:3  | Reached ****** piety under Vehumet
 37001 | Swamp:3  | Noticed Louise
 37009 | Swamp:3  | Killed Louise
 37498 | Swamp:4  | Entered Level 4 of the Swamp
 37842 | Swamp:4  | Reached skill level 15 in Fire Magic
 37946 | Swamp:4  | Reached skill level 10 in Fighting
 37963 | Swamp:4  | Offered knowledge of Iron Shot by Vehumet.
 38099 | Swamp:4  | Noticed Nikola
 38266 | Swamp:4  | Killed Nikola
 38554 | Swamp:3  | Learned a level 6 spell: Iron Shot
 40791 | Swamp:4  | Noticed a thorn hunter
 40794 | Swamp:4  | Killed a thorn hunter
 41530 | Swamp:4  | Got a decaying rune of Zot
 41688 | Spider:1 | Entered Level 1 of the Spider Nest
 41732 | Spider:1 | Reached XP level 17. HP: 142/144 MP: 35/37
 41991 | Spider:1 | Found a runed translucent door.
 41991 | Spider:1 | Noticed endersaim's ghost (adept MfSk)
 42202 | Spider:1 | Noticed Josephine
 42219 | Spider:1 | Killed Josephine
 42298 | Spider:1 | Identified the +11 hand axe "Nycza" {elec, Str+5}
 42336 | Spider:1 | Offered knowledge of Eringya's Noxious Bog by Vehumet.
 42601 | Spider:1 | Noticed Roxanne
 44722 | Spider:2 | Identified the ring "Pech" {rN+ Dex+6}
 45265 | Spider:3 | Found the necklace of Bloodlust {Fury *Rage Will++ Int-3
                  | Slay+6}
 45350 | Spider:3 | Offered knowledge of Irradiate by Vehumet.
 45630 | Spider:3 | Noticed Arachne
 45637 | Spider:3 | Killed Arachne
 46050 | Spider:3 | Learned a level 5 spell: Irradiate
 46407 | Spider:4 | Entered Level 4 of the Spider Nest
 47990 | Spider:4 | Reached XP level 18. HP: 158/158 MP: 15/38
 49313 | Spider:4 | Got a gossamer rune of Zot
 49673 | D:8      | Bought a book of Annihilations for 780 gold pieces
 49876 | Vaults:1 | Entered Level 1 of the Vaults
 50989 | Vaults:1 | Offered knowledge of Orb of Destruction by Vehumet.
 53235 | Vaults:2 | Found a staircase to the Crypt.
 53235 | Vaults:2 | Found an ancient bone altar of Kikubaaqudgha.
 53235 | Vaults:2 | Found a basalt altar of Yredelemnul.
 53663 | Vaults:2 | Reached skill level 15 in Conjurations
 53749 | Vaults:1 | Noticed a dread lich
 53757 | Vaults:1 | Gained mutation: Your body sometimes deteriorates upon
                  | taking damage. [a cacodemon]
 53760 | Vaults:1 | Paralysed by a dread lich for 3 turns
 54448 | Vaults:1 | Killed a dread lich
 55384 | Vaults:2 | Reached XP level 19. HP: 163/164 MP: 35/39
 55391 | Vaults:2 | Reached skill level 17 in Spellcasting
 55451 | Vaults:2 | Found Koyvon's Magic Scroll Emporium.
 55460 | Vaults:2 | Bought a scroll of fear for 88 gold pieces
 55460 | Vaults:2 | Bought a scroll of amnesia for 88 gold pieces
 55460 | Vaults:2 | Bought a scroll of fear for 88 gold pieces
 55460 | Vaults:2 | Bought a scroll of teleportation for 66 gold pieces
 55460 | Vaults:2 | Bought a scroll of magic mapping for 165 gold pieces
 55493 | Vaults:2 | Noticed Asterion
 55713 | Vaults:2 | Killed Asterion
 56300 | Vaults:2 | Offered knowledge of Maxwell's Capacitive Coupling by
                  | Vehumet.
 56788 | Vaults:2 | Learned a level 9 spell: Fire Storm
 56838 | Vaults:3 | Found Vujotad's Jewellery Shoppe.
 56849 | Vaults:3 | Found Qahemur's Distillery.
 56929 | Vaults:3 | Found a flickering gateway to a bazaar.
 56947 | Bazaar   | Entered a bazaar
 56947 | Bazaar   | Found Wiewn's Magic Scroll Boutique.
 56947 | Bazaar   | Found Doplejayvu's Armour Boutique.
 56972 | Bazaar   | Found Pajicoh's Book Boutique.
 57021 | Bazaar   | Found Usotz's Weapon Shop.
 57084 | Bazaar   | Bought a scroll of teleportation for 36 gold pieces
 57084 | Bazaar   | Bought a scroll of fog for 48 gold pieces
 57084 | Bazaar   | Bought a scroll of fog for 48 gold pieces
 57150 | Vaults:3 | Bought a potion of heal wounds for 85 gold pieces
 57150 | Vaults:3 | Bought a potion of curing for 51 gold pieces
 57150 | Vaults:3 | Bought a potion of heal wounds for 85 gold pieces
 57944 | Vaults:3 | Noticed Frederick
 57951 | Vaults:3 | Killed Frederick
 58297 | Vaults:3 | Noticed Mennas
 58746 | Elf:1    | Entered Level 1 of the Elven Halls
 59580 | Elf:1    | Identified the +1 sling "Ydwed" {heavy, *Slow rC+++ Dex+4}
 59648 | Elf:1    | Paralysed by an air elemental for 1 turns
 60082 | Elf:1    | Offered knowledge of Polar Vortex by Vehumet.
 60082 | Elf:1    | Offered knowledge of Ignition by Vehumet.
 60082 | Elf:1    | Offered knowledge of Maxwell's Capacitive Coupling by
                  | Vehumet.
 60113 | Elf:1    | Learned a level 8 spell: Ignition
 60175 | Elf:1    | Found Zipsao's Distillery.
 60180 | Elf:1    | Bought 2 potions of heal wounds for 200 gold pieces
 60180 | Elf:1    | Bought a potion of curing for 60 gold pieces
 60185 | Elf:1    | Identified the +0 flail "Akeun" {protect, rF- rC+ rN+
                  | Int+3}
 60241 | Elf:1    | Found the +10 zealot's sword {holy, Zealotry, *Rage rN+
                  | EV+3}
 60336 | Elf:1    | Found a runed translucent gate.
 60336 | Elf:1    | Found a runed translucent gate.
 60336 | Elf:1    | Found a runed translucent gate.
 60336 | Elf:1    | Found a runed translucent gate.
 60336 | Elf:1    | Found a runed translucent gate.
 60339 | Elf:1    | Found a runed translucent gate.
 60483 | Elf:2    | Paralysed by an air elemental for 1 turns
 60487 | Elf:2    | Paralysed by an air elemental for 1 turns
 60553 | Elf:2    | Reached XP level 20. HP: 174/174 MP: 26/41
 60867 | Elf:2    | Found a runed translucent gate.
 60868 | Elf:2    | Found a runed translucent gate.
 60868 | Elf:2    | Found a runed translucent gate.
 60892 | Elf:2    | Found Kulam's Weapon Boutique.
 61134 | Elf:2    | Found Nesiad's Book Emporium.
 61299 | Elf:2    | Found a flickering gateway to a bazaar.
 61315 | Bazaar   | Entered a bazaar
 61331 | Bazaar   | Found Qiavipno's Magic Scroll Shoppe.
 61332 | Bazaar   | Found Biomuite's Magic Scroll Shoppe.
 61375 | Bazaar   | Found Xuongept's Book Emporium.
 61375 | Bazaar   | Found Usei's Magic Scroll Emporium.
 61397 | Bazaar   | Bought a scroll of teleportation for 30 gold pieces
 61397 | Bazaar   | Bought a scroll of teleportation for 30 gold pieces
 61397 | Bazaar   | Bought a scroll of teleportation for 30 gold pieces
 61397 | Bazaar   | Bought a scroll of acquirement for 520 gold pieces
 61398 | Bazaar   | Acquired the amulet of Grace {Reflect Dex+3 SH+5}
 61420 | Bazaar   | Bought a scroll of teleportation for 27 gold pieces
 61420 | Bazaar   | Bought a scroll of blinking for 67 gold pieces
 61420 | Bazaar   | Bought 2 scrolls of teleportation for 54 gold pieces
 61432 | Bazaar   | Bought a scroll of magic mapping for 120 gold pieces
 61432 | Bazaar   | Bought a scroll of magic mapping for 120 gold pieces
 61432 | Bazaar   | Bought a scroll of fog for 64 gold pieces
 61593 | Elf:3    | Entered Level 3 of the Elven Halls
 61830 | Elf:3    | Found Wuxif's Antique Armour Shop.
 62336 | Elf:3    | Acquired the +2 pair of boots of Distant Worlds {rF+ rN+
                  | Will+}
 62466 | Elf:3    | Reached skill level 18 in Spellcasting
 62692 | Elf:3    | Identified the ring "Foz Buo" {rElec rC+ Str-2 Dex+2}
 62750 | Elf:3    | Identified the ring of Lucidity {Fire Fly rElec Int+4
                  | Slay-3}
 63346 | Elf:3    | Identified the staff of fire "Xookua Adont" {rElec rF+}
 63379 | Elf:3    | Identified the staff of poison "Cach" {rPois rC+ rCorr}
 63575 | Elf:1    | Bought a potion of haste for 200 gold pieces
 63575 | Elf:1    | Bought 2 potions of brilliance for 160 gold pieces
 63828 | Depths:1 | Entered Level 1 of the Depths
 64068 | Depths:1 | Found a one-way gate to the infinite horrors of the Abyss.
 64735 | Depths:1 | Found a one-way gate leading to the halls of Pandemonium.
 64783 | Depths:1 | Found a gateway to Hell.
 64965 | Depths:1 | Found a radiant altar of Vehumet.
 65129 | Depths:1 | Found Vadghi's Book Shop.
 65129 | Depths:1 | Found Rukk's Jewellery Shoppe.
 65130 | Depths:1 | Found Firerir's Book Shop.
 65252 | Depths:2 | Reached XP level 21. HP: 136/181 MP: 9/43
 65380 | Depths:2 | Reached skill level 1 in Shields
 65461 | Depths:2 | Reached skill level 19 in Spellcasting
 65510 | Depths:2 | Noticed Grunn
 65513 | Depths:2 | Killed Grunn
 65830 | Depths:2 | Identified the ring "Uttaj" {Drain rN+ EV+5 Int+2}
 66196 | Depths:2 | Identified the +6 battleaxe of dxctxrx's Woe {freeze, rElec
                  | rF+ Will- Dex+8}
 66765 | Depths:2 | Found the +2 hood of the Assassin {Detect Stab+ Stlth++}
 66766 | Depths:2 | Identified the +1 robe of Starshine {Contam rC+ Str+9
                  | Dex-4}
 66783 | Depths:2 | Found a radiant altar of Vehumet.
 66783 | Depths:2 | Found the +3 hat of Pondering {ponderous, Will+ MP+10
                  | Int+5}
 66858 | Depths:2 | Identified the +2 hat "Jojug" {rPois Will- rCorr Dex+3}
 66915 | Depths:3 | Found a stormy altar of Qazlal.
 67230 | Depths:3 | Found a runed translucent door.
 67230 | Depths:3 | Noticed Bivamium's ghost (master GrEE)
 67344 | Depths:3 | Reached skill level 5 in Shields
 67417 | Depths:3 | Found a corrupted altar of Lugonu.
 67488 | Depths:3 | Identified the +3 flail "Imnofeklacs" {venom, rElec rPois
                  | Will+ Int+3}
 67622 | Depths:3 | an acid blob changed into a golden dragon
 67622 | Depths:3 | Noticed a golden dragon (glowing shapeshifter)
 67626 | Depths:3 | a golden dragon changed into an acid blob
 67679 | Depths:3 | a shadow dragon changed into a golden dragon
 67679 | Depths:3 | Noticed a golden dragon (glowing shapeshifter)
 67679 | Depths:3 | a golden dragon changed into an iron giant
 67872 | Depths:3 | Noticed a juggernaut
 67875 | Depths:3 | Killed a juggernaut
 67969 | Depths:3 | Identified the +5 dagger of the Destroying Genius {speed,
                  | Drain Will++ rCorr SInv}
 68297 | Depths:3 | Noticed a juggernaut
 68302 | Depths:3 | Killed a juggernaut
 68389 | Depths:3 | Learned a level 8 spell: Lehudib's Crystal Spear
 68438 | Depths:4 | Entered Level 4 of the Depths
 68438 | Depths:4 | Found a one-way gateway to a ziggurat.
 69235 | Depths:4 | Found a gate to the Realm of Zot.
 69235 | Depths:4 | Noticed a golden dragon
 69239 | Depths:4 | Killed a golden dragon
 69649 | Depths:4 | Reached skill level 20 in Spellcasting
 69649 | Depths:4 | Reached XP level 22. HP: 189/189 MP: 46/46
 70012 | Depths:4 | Noticed Sojobo
 70017 | Depths:4 | Killed Sojobo
 70826 | Vaults:3 | Identified the +4 swamp dragon scales of Igihadd {rPois
                  | Dex+3}
 71427 | Vaults:3 | Killed Mennas
 71918 | Vaults:3 | Found Vujotad's Jewellery Shoppe.
 71927 | Vaults:3 | Found Qahemur's Distillery.
 72130 | Vaults:4 | Noticed Margery
 72130 | Vaults:4 | Noticed Jory
 72361 | Vaults:4 | Found a transporter.
 72364 | Vaults:4 | Noticed Sianeop's ghost (adept GrFi)
 72376 | Vaults:4 | Found a transporter.
 72618 | Vaults:4 | Killed Margery
 72819 | Vaults:4 | Killed Jory
 74224 | Slime:1  | Entered Level 1 of the Pits of Slime
 75482 | Slime:4  | Reached skill level 15 in Fighting
 75821 | Slime:5  | Entered Level 5 of the Pits of Slime
 75912 | Slime:5  | Gained mutation: Your spells are a little easier to cast,
                  | but a little less powerful. [a shining eye]
 75974 | Slime:5  | Noticed the Royal Jelly
 75979 | Slime:5  | Killed the Royal Jelly
 75980 | Slime:5  | Reached skill level 10 in Shields
 75980 | Slime:5  | Reached XP level 23. HP: 199/199 MP: 47/47
 76525 | Slime:5  | Got a slimy rune of Zot
 76538 | Slime:5  | Identified the +8 mace of the Inviting Gods {venom, rElec
                  | rC++}
 76542 | Slime:5  | Identified the staff of earth "Cueggom" {rCorr Int+2}
 76551 | Slime:5  | Identified the +1 hand crossbow of the Whale {heavy, rElec
                  | Will++ Dex-2 SInv}
 76565 | Slime:5  | Got the Codex of Noxious Moulding
 76566 | Slime:5  | Identified the staff of earth "Asielofo" {rPois Int+2}
 76591 | Slime:5  | Identified the +7 scale mail of Recklessness {rElec rC-
                  | rN+++ rCorr Stlth-}
 76616 | Slime:5  | Identified the +0 cloak "Lacakhol" {Str+3 Int+2}
 77365 | Orc:2    | Bought a potion of brilliance for 68 gold pieces
 77365 | Orc:2    | Bought a potion of ambrosia for 136 gold pieces
 77365 | Orc:2    | Bought a potion of mutation for 136 gold pieces
 77713 | Vaults:3 | Bought a potion of mutation for 136 gold pieces
 77713 | Vaults:3 | Bought a potion of lignification for 51 gold pieces
 77770 | Vaults:3 | Lost mutation: Your body sometimes deteriorates upon taking
                  | damage. [potion of mutation]
 77770 | Vaults:3 | Lost mutation: Your spells are a little easier to cast, but
                  | a little less powerful. [potion of mutation]
 77770 | Vaults:3 | Gained mutation: You have sharp toenails. [potion of
                  | mutation]
 77770 | Vaults:3 | Gained mutation: Your mind is acute. (Int +4, Str/Dex -1)
                  | [potion of mutation]
 77792 | Vaults:5 | Entered Level 5 of the Vaults
 77824 | Vaults:5 | Noticed a dread lich
 77830 | Vaults:5 | Reached skill level 21 in Spellcasting
 77834 | Vaults:5 | Killed a dread lich
 78274 | Vaults:5 | Got a silver rune of Zot
 78418 | Vaults:5 | Got the Atlas of the Chilling Vector
 78419 | Vaults:5 | Identified the +2 rapier of Tuklaama {vamp, rN+ Str-4 Dex+3
                  | Stlth+}
 78431 | Vaults:5 | Got the Teachings on Calling
 78759 | Vaults:5 | Acquired 903 gold pieces
 78786 | Vaults:5 | Identified the +5 plate armour "Jedot" {-Tele rPois Dex+3
                  | SInv}
 79281 | Crypt:1  | Entered Level 1 of the Crypt
 79475 | Crypt:1  | You fall into a shaft and drop 1 floor!
 79709 | Crypt:1  | Reached skill level 15 in Earth Magic
 79824 | Crypt:1  | Found a magical portal.
 79848 | Crypt:1  | Reached XP level 24. HP: 212/212 MP: 46/48
 81746 | Crypt:2  | Found an ancient bone altar of Kikubaaqudgha.
 81905 | Crypt:3  | Entered Level 3 of the Crypt
 82420 | Crypt:3  | Found a staircase to the Tomb.
 83234 | Crypt:3  | Identified the +1 sling "Pep Myqa" {flame, rElec rPois rF-
                  | Str+4}
 83237 | Crypt:3  | Got Khufu's Almanac of Darkness
 83379 | Crypt:3  | Identified the ring "Reitaid" {rF+ rC- rN+ Str+3 Dex+7}
 83379 | Crypt:3  | Identified the ring "Tebihiym" {*Slow rElec rN+ rCorr
                  | Int+3}
 83728 | Crypt:3  | Identified the +3 hand axe of Hubris {heavy, rPois rF+
                  | Str-5}
 84317 | Zot:1    | Entered Level 1 of the Realm of Zot
 84521 | Zot:1    | Noticed an orb of fire
 84524 | Zot:1    | Killed an orb of fire
 85950 | Zot:2    | Reached skill level 22 in Spellcasting
 86386 | Zot:2    | Reached XP level 25. HP: 224/224 MP: 40/49
 87396 | Zot:3    | Learned a level 9 spell: Shatter
 87839 | Zot:3    | Identified the -2 cloak of Rubik {Dex+3}
 87842 | Zot:3    | Identified the ring of Vupokker {Drain MP+9 Int+6 Slay+2}
 87846 | Zot:3    | Found a transporter.
 87849 | Zot:3    | Found a transporter.
 87851 | Zot:3    | Noticed Heisao's ghost (legendary TrBe)
 87853 | Zot:3    | Found a bloodstained altar of Trog.
 87865 | Zot:3    | Identified the +2 cloak "Jaghucwe" {Str+2}
 88585 | Zot:3    | Noticed an ancient lich
 88591 | Zot:3    | Killed an ancient lich
 88976 | Zot:3    | Identified the ring "Gicodu" {rN+ Slay+3}
 89270 | Zot:3    | Found a stormy altar of Qazlal.
 89629 | Zot:4    | Identified the +3 sling of Xice Ycu {elec, *Slow Str+6}
 90859 | Zot:5    | Entered Level 5 of the Realm of Zot
 91343 | Zot:5    | Reached skill level 23 in Spellcasting
 91523 | Zot:5    | Noticed an ancient lich
 91526 | Zot:5    | Killed an ancient lich
 91625 | Zot:5    | Noticed an orb of fire
 91631 | Zot:5    | Killed an orb of fire
 91632 | Zot:5    | Reached XP level 26. HP: 239/239 MP: 8/50
 91817 | Zot:5    | Noticed a dread lich
 91821 | Zot:5    | Killed a dread lich
 92164 | Zot:5    | Noticed an orb of fire
 92168 | Zot:5    | Killed an orb of fire
 92568 | Zot:5    | Noticed an orb of fire
 92573 | Zot:5    | Killed an orb of fire
 92612 | Zot:5    | Noticed an orb of fire
 92618 | Zot:5    | Killed an orb of fire
 93030 | Zot:5    | Noticed an orb of fire
 93033 | Zot:5    | Noticed an orb of fire
 93034 | Zot:5    | Gained mutation: You sometimes lose your temper in combat.
                  | [an orb of fire]
 93037 | Zot:5    | Killed an orb of fire
 93041 | Zot:5    | Gained mutation: Your magical capacity is low. (-10% MP)
                  | [an orb of fire]
 93042 | Zot:5    | Killed an orb of fire
 93199 | Zot:5    | Lost mutation: Your mind is acute. (Int +4, Str/Dex -1)
                  | [potion of mutation]
 93199 | Zot:5    | Lost mutation: Your magical capacity is low. (-10% MP)
                  | [potion of mutation]
 93199 | Zot:5    | Gained mutation: You have a pair of small antennae on your
                  | head. [potion of mutation]
 93199 | Zot:5    | Gained mutation: You occasionally lose the ability to read
                  | scrolls when taking damage. [potion of mutation]
 93200 | Zot:5    | Lost mutation: You have a pair of small antennae on your
                  | head. [potion of mutation]
 93200 | Zot:5    | Lost mutation: You have sharp toenails. [potion of
                  | mutation]
 93200 | Zot:5    | Lost mutation: You sometimes lose your temper in combat.
                  | [potion of mutation]
 93200 | Zot:5    | Gained mutation: You are agile. (Dex +4, Str/Int -1)
                  | [potion of mutation]
 93200 | Zot:5    | Gained mutation: Your spells are a little harder to cast,
                  | but a little more powerful. [potion of mutation]
 93213 | Zot:5    | Lost mutation: You occasionally lose the ability to read
                  | scrolls when taking damage. [potion of mutation]
 93213 | Zot:5    | Lost mutation: Your spells are a little harder to cast, but
                  | a little more powerful. [potion of mutation]
 93213 | Zot:5    | Lost mutation: You are agile. (Dex +4, Str/Int -1) [potion
                  | of mutation]
 93213 | Zot:5    | Gained mutation: You are frail. (-10% HP) [potion of
                  | mutation]
 93213 | Zot:5    | Gained mutation: You sometimes lose your temper in combat.
                  | [potion of mutation]
 93214 | Zot:5    | Lost mutation: You are frail. (-10% HP) [potion of
                  | mutation]
 93214 | Zot:5    | Lost mutation: You sometimes lose your temper in combat.
                  | [potion of mutation]
 93214 | Zot:5    | Gained mutation: You do not regenerate when monsters are
                  | visible. [potion of mutation]
 93214 | Zot:5    | Gained mutation: You expend magic power (3 MP) to
                  | strengthen your wands. [potion of mutation]
 93215 | Zot:5    | Lost mutation: You expend magic power (3 MP) to strengthen
                  | your wands. [potion of mutation]
 93215 | Zot:5    | Lost mutation: You do not regenerate when monsters are
                  | visible. [potion of mutation]
 93215 | Zot:5    | Gained mutation: Your mind is acute. (Int +4, Str/Dex -1)
                  | [potion of mutation]
 93479 | Zot:5    | Noticed an ancient lich
 93481 | Zot:5    | Killed an ancient lich
 93484 | Zot:5    | Noticed an orb of fire
 93495 | Zot:5    | Killed an orb of fire
 93827 | Zot:5    | Noticed an orb of fire
 94004 | Zot:5    | Killed an orb of fire
 94013 | Zot:5    | Noticed an ancient lich
 94024 | Zot:5    | Killed an ancient lich
 95307 | Spider:1 | Killed endersaim's ghost
 95476 | Spider:1 | Killed Roxanne
 96231 | Elf:2    | Reached skill level 24 in Spellcasting
 97321 | Vaults:4 | Killed Sianeop's ghost
 97685 | Depths:3 | Killed Bivamium's ghost
 97972 | Zot:3    | Reached XP level 27. HP: 254/254 MP: 13/51
 98582 | Zot:3    | Got the Verses on Orogeny and the Compass
 98598 | Zot:3    | Found a transporter.
 98606 | Zot:3    | Found a transporter.
 98694 | Zot:3    | Killed Heisao's ghost
 98926 | Zot:3    | Found a stormy altar of Qazlal.
 99645 | Zot:5    | Got the Orb of Zot
 99734 | Zot:4    | Noticed Nexerud the pandemonium lord
 99742 | Zot:3    | Noticed Ryfust the pandemonium lord
 99742 | Zot:3    | Noticed an ancient lich
100178 | D:$      | Escaped with the Orb!

Illustrated notes

Levels and vault maps discovered:
D:1:      zaba_arrival_water, layout_rooms, shapermc_ecumenical_altar_ellora,
          corexii_item_surrounded_by_moat, nicolae_eternal_life, fountainhead,
          corexii_leaking_fountain, minmay_tripent
D:2:      wad_river_or_something, layout_rooms, serial_co_window_serial,
          co_window_paths_a, co_window_corner_a, co_window_paths_a,
          co_window_paths_b, co_window_corner_a, co_window_corner_a,
          co_window_paths_a, co_window_of_opportunity_a, co_window_paths_a,
          co_window_cross_2, co_window_2corner, glass_columns_a,
          glass_columns_a, glass_columns_b, glass_columns_a, glass_columns_c,
          grunt_ministairs_8, uniq_jessica
D:3:      layout_loops_ring, minmay_misc_feat_secret_circle,
          corexii_hall_statues_deadend, uniq_crazy_yiuf_cottage
D:4:      nicolae_BIG_FREAKIN_CUBE, layout_loops_ring
D:5:      layout_loops_cross, minmay_temple_entry_water_ring, st_stairs_7,
          eino_small_chamber_without_monster
D:6:      layout_basic, portal_sewer_entry_b, grunt_ministairs_10,
          minmay_manual_monstrance
D:7:      layout_rooms, nicolae_ossuary_entry_giza, uniq_duvessa
D:8:      layout_loops_ring, mainiacjoe_overflow_24_doors, lair_entry_dummy,
          serial_shops, nicolae_shop_crystal, nicolae_shop_real_fake_doors,
          nicolae_blasting_shop
D:9:      layout_rooms, mainiacjoe_overflow_tiny_flanked
D:10:     layout_basic, orc_0_dummy, kennysheep_generic_room_3
D:11:     layout_loops_ring, minmay_librarian
D:12:     layout_loops_ring, grunt_ministairs_14, kb_lookout_dungeons_type,
          kennysheep_okawaru_gauntlet, uniq_urug, uniq_nergalle
D:13:     layout_roguey, serial_shops, shop, gauntlet_entry_generic
D:14:     layout_basic, skrybe_vaults_entry_preservation, special_room
          [special_room_orc], portal_ice_cave_entry_dragon, minmay_fountain_box
D:15:     hangedman_depths_entry_civil_slaughter, layout_basic, special_room
          [special_room_bee], minmay_misc_feat_nine_boxes, uniq_jorgrun
Temple:   nicolae_temple_bog_church
Lair:1:   layout_regular_city, st_stairs_10, infiniplex_staircase_pool_2,
          uniq_amaemon, uniq_gastronok, uniq_sonja
Lair:2:   layout_cave_pods, skrybe_swamp_entry_bodies, spider_nest_entry_rubble
Lair:3:   layout_hall_layers, beast_lair_carwin_4, grunt_megastairs_3
Lair:4:   layout_hall_layers, st_stairs_6, serial_bayou_shore_b
Lair:5:   evilmike_catoblepas_cave, layout_gridlike, minmay_slime_entry_pillars,
          infiniplex_staircase_pool
Swamp:1:  layout_basic_swamp, hangedman_swamp_ruin_wall, swamp_pool1,
          hangedman_swamp_grove
Swamp:2:  layout_basic_swamp, nicolae_swamp_well_well_well, uniq_frances,
          uniq_donald, uniq_aizul
Swamp:3:  layout_basic_swamp, evilmike_swamp_ruin_house_2, uniq_louise
Swamp:4:  swamp, layout_basic_swamp, swamp_pool1, uniq_nikola
Spider:1: layout_spider_delve, special_room, ebering_ghost_inner_flame,
          uniq_roxanne, uniq_josephine
Spider:2: layout_spider_delve, nicolae_spider_swamp_cousins
Spider:3: nicolae_spider_hilbert_zone_6 [nicolae_spider_hilbert_4_sides_1_open,
          nicolae_spider_hilbert_4_sides_1_open,
          nicolae_spider_hilbert_4_sides_1_open,
          nicolae_spider_hilbert_4_sides_1_open,
          nicolae_spider_hilbert_4_sides_1_open,
          nicolae_spider_hilbert_4_sides_1_open,
          nicolae_spider_hilbert_4_sides_1_open], uniq_arachne
Spider:4: spider_rune_water
Slime:1:  layout_caves, cheibrodos_slime_lost_civilization_4
Slime:2:  layout_caves
Slime:3:  layout_caves
Slime:4:  layout_caves
Slime:5
Orc:1:    layout_caves, nicolae_shop_clearance
Orc:2:    hellmonk_orc_salted, layout_diamond_mine, serial_shops, shop,
          kennysheep_orc_chapel, uniq_nessos
Elf:1:    minmay_elf_arrival_plus, layout_geoelf_octagon, serial_shops, shop,
          orc_legates
Elf:2:    nicolae_elf_blades_crystal_corner, layout_loops_corners, serial_shops,
          bzr_entry_safe, shop, nicolae_shop_behind_doors
Elf:3:    minmay_elf_hall_furrowed, layout_onion_city, serial_shops,
          nicolae_shop_tiny_glass, fountainhead
Vaults:1: vaults_room_boxed, v_misc_1, vaults_room_hangedman_quadrants,
          hangedman_vaults_restitches, hangedman_vaults_pinch,
          ontoclasm_vaults_eye, vaults_room_pool,
          nicolae_vaults_doubleplus_tesselated, nicolae_vaults_double_plus_1,
          layout_vaults_omnigrid
Vaults:2: minmay_crypt_entry_necro_gods, ontoclasm_vaults_claustrophobia,
          v_misc_16, v_misc_2, hangedman_vaults_variations,
          nicolae_vaults_asterisk, nicolae_vaults_specimen_jars,
          nicolae_vaults_variable_pillar_hall, v_misc_2, v_misc_5,
          nicolae_vaults_variable_pillar_hall, nicolae_vaults_closet_pinwheel_5,
          layout_vaults_ring, serial_shops, shop_statue, uniq_asterion
Vaults:3: nicolae_vaults_circle_grid_b, nicolae_vaults_sesquioval_fish,
          grunt_vaults_twisty, hangedman_vaults_trim, vaults_room_semicircle,
          v_misc_10, nicolae_vaults_little_squares_1,
          nicolae_vaults_storage_closets_1, vaults_room_door_ring,
          hangedman_vaults_stagger, nicolae_vaults_storage_room_water,
          vaults_dpeg_ring, nicolae_vaults_trapezoid_lopsided_3,
          vaults_room_pools, layout_vaults_omnibox, serial_shops, bzr_firewalk,
          nicolae_shop_statue_plus, nicolae_lakefront_shop, uniq_frederick,
          uniq_mennas
Vaults:4: gammafunk_ghost_arena, hangedman_vaults_impose,
          nicolae_vaults_little_ls, nicolae_vaults_prndl, v_misc_5,
          nicolae_vaults_trapezoid_1, v_misc_27, vaults_mumra_hexcomb,
          vaults_mumra_minichess_inversion, nicolae_vaults_theta,
          vaults_room_door_ring, nicolae_vaults_tetromino_L_2,
          vaults_room_stairs_pillars, ontoclasm_vaults_gallery,
          nicolae_vaults_trapezoid_lopsided_1, v_misc_22,
          nicolae_vaults_cornered_office, layout_vaults_maze_snakey,
          uniq_margery, uniq_jory
Vaults:5: serial_shops
Crypt:1:  layout_catacombs, mu_enter_wizlab_1
Crypt:2:  layout_gridlike, basic_altar, evilmike_ambush
          [evilmike_ambush_outer_basic, evilmike_ambush_inner_basic]
Crypt:3:  due_elkab, layout_chaotic_city, tomb_entry_forgotten_bobbens,
          grunt_ministairs_1
Depths:1: layout_gridlike, rand_demon_pan_entry_4, abyss_entry,
          pf_hell_entry_tar_river, nicolae_vehumet_altar_sigil,
          minmay_shop_grove
Depths:2: minmay_bubble_buster, layout_basic, kennysheep_nub,
          rand_demon_pan_entry_7, hell_entry, grunt_tower_of_power,
          infiniplex_staircase_pillars_2, uniq_grunn
Depths:3: minmay_blocking_statues, layout_honeycomb, grunt_hell_entry_dis_mu,
          nicolae_qazlal_general_emergency, abyss_entry_flame_altar,
          hellmonk_ghost_happy_afterlife, kennysheep_generic_room_6,
          infiniplex_staircase_zigzag_2, serial_bayou_shore_a
Depths:4: grunt_zot_entry_tricorne, layout_honeycomb, enter_ziggurat_c,
          hellmouth_1, abyss_entry, uniq_sojobo
Zot:1:    lemuel_draconian_sentries, layout_misc_corridors
Zot:2:    layout_cellular_growth
Zot:3:    regret_index_qazlal_generations, layout_basic,
          gammafunk_ghost_wrathful_warriors
Zot:4:    layout_twisted_circle
Zot:5:    layout_basic, drop_trap

Skill      XL: |  1  2  3  4  5  6  7  8  9 10 11 12 13 14 15 16 17 18 19 20 21 22 23 24 25 26 |
---------------+-------------------------------------------------------------------------------+-----
Dodging        | 2 3 4 5 6 |  6.0
Spellcasting   | 3 4 5 6 8 9 12 13 15 16 17 18 20 21 22 23 24 | 24.7
Conjurations   | 5 6 7 8 9 10 12 13 15 16 17 19 20 | 20.0
Translocations | 1 3 5 |  5.5
Fighting       | 5 7 8 11 13 14 15 16 18 20 22 | 22.2
Hexes          | 4 5 7 |  7.0
Ranged Weapons | 3 5 |  5.0
Ice Magic      | 3 |  3.0
Earth Magic    | 6 9 10 12 13 15 16 18 20 | 20.0
Fire Magic     | 2 7 14 15 16 17 20 21 22 23 | 23.0
Shields        | 7 10 11 12 | 12.0
Stealth        | |  1.7

Action                     |  1- 3 |  4- 6 |  7- 9 | 10-12 | 13-15 | 16-18 | 19-21 | 22-24 | 25-27 || total
---------------------------+-------+-------+-------+-------+-------+-------+-------+-------+-------++-------
  Melee: Unarmed           |     5 |       |       |       |       |       |       |       |       ||     5
         Tailslap          |     1 |       |     1 |       |       |       |       |       |       ||     2
         Rapier            |       |       |     6 |       |       |       |       |       |       ||     6
         Flail             |       |       |     3 |       |       |       |       |       |       ||     3
         Staff             |       |       |       |       |       |       |       |     1 |       ||     1
   Fire: Sling             |   130 |    41 |   135 |    73 |       |       |       |       |       ||   379
         Shortbow          |       |       |       |   226 |   457 |   251 |     2 |       |       ||   936
         Hand crossbow     |       |       |       |       |       |       |       |       |     3 ||     3
  Throw: Throwing net      |       |       |       |     2 |       |       |       |       |       ||     2
   Cast: Magic Dart        |    20 |     9 |    25 |     8 |     7 |       |     2 |       |       ||    71
         Searing Ray       |     7 |    21 |    43 |    14 |     4 |       |       |       |       ||    89
         Iskenderun's Myst |       |       |    18 |   126 |   172 |    84 |    32 |    29 |    18 ||   479
         Fulminant Prism   |       |       |    13 |    51 |    54 |    18 |     4 |       |       ||   140
         Ozocubu's Armour  |       |       |     2 |    22 |    79 |    44 |     3 |       |     1 ||   151
         Gell's Gravitas   |       |       |       |     9 |     1 |       |       |       |       ||    10
         Stone Arrow       |       |       |       |    22 |    52 |     9 |       |       |       ||    83
         Cause Fear        |       |       |       |     2 |     2 |     3 |     2 |     1 |       ||    10
         Lee's Rapid Decon |       |       |       |       |   115 |    39 |    46 |     3 |    22 ||   225
         Starburst         |       |       |       |       |   144 |   141 |    36 |       |       ||   321
         Fireball          |       |       |       |       |    50 |   396 |    59 |    22 |    13 ||   540
         Iron Shot         |       |       |       |       |       |   113 |    97 |    60 |    43 ||   313
         Irradiate         |       |       |       |       |       |    10 |       |       |    10 ||    20
         Fire Storm        |       |       |       |       |       |       |   222 |   345 |   220 ||   787
         Lehudib's Crystal |       |       |       |       |       |       |     4 |    37 |    42 ||    83
         Ignition          |       |       |       |       |       |       |       |    25 |     2 ||    27
         Shatter           |       |       |       |       |       |       |       |       |    27 ||    27
Ability: Breathe Steam     |       |       |     8 |     1 |     8 |     3 |       |       |       ||    20
  Evoke: Wand              |       |       |       |     5 |    12 |    31 |     2 |       |    10 ||    60
         Phantom mirror    |       |       |       |       |       |     2 |       |       |     1 ||     3
    Use: Scroll            |       |     8 |    15 |    19 |    10 |    21 |    13 |     9 |     5 ||   100
         Potion            |       |       |     6 |     5 |    14 |    14 |     5 |     8 |    12 ||    64
 Armour: Skin              |    24 |    16 |    33 |    62 |   207 |   260 |    20 |    29 |    53 ||   704
  Dodge: Dodged            |    38 |    22 |    59 |    85 |   227 |   319 |    40 |    30 |    74 ||   894
  Block: Buckler           |       |       |       |       |       |       |     5 |     6 |    52 ||    63
         Kite shield       |       |       |       |       |       |       |       |    19 |       ||    19
         Reflection        |       |       |       |       |       |       |       |       |     1 ||     1
